 Dungeon Crawl Stone Soup version 0.16-a0-4112-g89a4107 (console) character file.

595 mauris the Poker (level 7, -1/46 HPs)
             Began as a Merfolk Ice Elementalist on Feb 26, 2015.
             Slain by a sky beast (6 damage)
             ... on level 4 of the Dungeon on Feb 27, 2015.
             The game lasted 00:25:24 (6867 turns).

mauris the Poker (Merfolk Ice Elementalist)         Turns: 6867, Time: 00:25:24

Health: -1/46      AC:  2    Str:  9    XL:     7   Next: 40%
Magic:  12/12      EV: 12    Int: 16    God:
Gold:   241        SH:  0    Dex: 14    Spells: 3 memorised, 4 levels left

rFire  . . .     SeeInvis .     m - +0 trident
rCold  . . .     Clarity  .     a - +0 robe
rNeg   . . .     SustAb   .     (no shield)
rPois  .         Gourm    .     (no helmet)
rElec  .         Spirit   .     (no cloak)
rCorr  .         Warding  .     (no gloves)
rMut   .         Stasis   .     (no boots)
MR     .....                    (no amulet)
Stlth  ++........               (no ring)
                                (no ring)

@: drained, not resistant to hostile enchantments, unstealthy
A: change form in water, swift swim
a: no special abilities


You were on level 4 of the Dungeon.
You were not hungry.

You visited 2 branches of the dungeon, and saw 6 of its levels.

You collected 241 gold pieces.

Inventory:

Hand weapons
 f - a +0 spear
 g - a +3 whip of venom
 m - a +0 trident (weapon)
 p - a +0 scythe
Missiles
 e - 4 javelins (quivered)
Armour
 a - a +0 robe (worn)
 w - a +1 pair of gloves
Jewellery
 s - an uncursed ring of fire
Magical devices
 d - a wand of confusion (20)
 u - a wand of magic darts (17)
Scrolls
 h - a scroll of teleportation {@r4}
 k - a scroll of immolation {!r}
 l - 7 scrolls of identify {@r1}
 n - a scroll of enchant weapon {unknown}
 r - a scroll of amnesia {unknown}
 v - a scroll of blinking {unknown}
Potions
 i - 2 potions of agility
 q - 2 potions of haste {@q3}
 t - a potion of mutation {unknown}
 x - a potion of ambrosia {unknown}
Books
 b - a book of Frost

   Spells                             Type                      Level
   a - Freeze                         Ice                          1
   b - Throw Frost                    Conjuration/Ice              2
   c - Ozocubu's Armour               Charms/Ice                   3
   d - Throw Icicle                   Conjuration/Ice              4
   e - Summon Ice Beast               Ice/Summoning                4
   f - Condensation Shield            Ice                          4
Comestibles
 c - 4 bread rations
 j - 2 fruits
 o - a beef jerky


   Skills:
 + Level 7.2(6.2) Polearms
 - Level 2.6(1.8) Dodging
 - Level 2.1(1.3) Stealth
 - Level 2.0(1.1) Spellcasting
 - Level 0.7(0.0) Conjurations
 + Level 7.1(6.2) Ice Magic


You had 4 spell levels left.
You knew the following spells:

 Your Spells              Type           Power        Failure   Level  Hunger
a - Freeze                Ice            ###.         1%          1    ##.....
b - Throw Frost           Conj/Ice       ##....       12%         2    ###....
o - Ozocubu's Armour      Chrm/Ice       ##......     21%         3    ####...


Dungeon Overview and Level Annotations

Branches:
Dungeon (5/15)             Temple (1/1) D:5

Altars:
Cheibriados
Dithmenos
Gozag
Kikubaaqudgha
Nemelex Xobeh
Qazlal
Sif Muna
Trog
Vehumet
Xom
Yredelemnul
Zin
The Shining One

Annotations:
D:3 exclusion: zombie
D:4 ark's ghost, experienced OgSk


Message History

Okay, then.
Unknown command.
Read which item? (? for menu, Esc to quit)
Okay, then.
Unknown command.
Your icy armour starts to melt.
A sky beast appears from thin air!
Reactivating autopickup.
Your icy armour evaporates.
The sky beast flickers out of sight!
Deactivating autopickup; reactivate with Ctrl-A.
A sky beast appears from thin air!
Reactivating autopickup.
The sky beast flickers out of sight!
Deactivating autopickup; reactivate with Ctrl-A.
There is a stone staircase leading up here.
Something hits you.
* * * LOW HITPOINT WARNING * * *
Something shocks you.
You die...

#.# #.# ##.#### #.# #.#
#..##. #.## #######.#
##.... #..###.......##
#....
##.....#......#####.<..
#....###........).....
##...###...(......>....
##.....#...##.......)##.
##..###.@..##...#...(####
##..## #...##..####..## #
##..## ##......## #..## #
#..## ##......## ##.## #
##.## ##.......####.## ##
##..# #..##....##..##
###. ##...#
#..##.......## ###...
##....#
#..#........#####.....
###.....##
#.............##..####


There were no monsters in sight!

Vanquished Creatures
  Edmund (D:4)
  Sigmund (D:4)
  A scorpion (D:4)
  A crimson imp (D:4)
  A hound (D:4)
  An orc priest (D:4)
  A centaur skeleton (D:4)
  3 gnolls
  5 adders
  2 giant mites
  5 worms
  4 giant geckos
  16 orcs
  A ball python (D:2)
  20 bats
  A bat skeleton (D:4)
  A giant cockroach (D:2)
  8 goblins
  13 hobgoblins
  A quokka (D:3)
  A giant gecko skeleton (D:4)
  4 giant newts
  7 jackals
  8 kobolds
  9 rats
116 creatures vanquished.

Notes
Turn   | Place    | Note
--------------------------------------------------------------
     0 | D:1      | mauris, the Merfolk Ice Elementalist, began the quest for the Orb.
     0 | D:1      | Reached XP level 1. HP: 13/13 MP: 3/3
     0 | D:1      | Upgraded the game from 0.16-a0-4099-g0be755f to 0.16-a0-4111-gf762223
   227 | D:1      | Reached XP level 2. HP: 19/19 MP: 0/4
   287 | D:1      | Reached skill level 4 in Ice Magic
   844 | D:1      | Reached XP level 3. HP: 24/24 MP: 1/6
   899 | D:1      | Huge Dmg: 5 Dmg
   979 | D:1      | Learned a level 2 spell: Throw Frost
   982 | D:1      | Reached skill level 1 in Polearms
   988 | D:1      | Learned a level 3 spell: Ozocubu's Armour
  1325 | D:2      | Huge Dmg: 10 Dmg
  1625 | D:2      | Reached XP level 4. HP: 30/30 MP: 7/7
  1711 | D:2      | Reached skill level 5 in Ice Magic
  2123 | D:2      | Huge Dmg: 7 Dmg
  2230 | D:2      | Noticed a hippogriff
  2231 | D:2      | uh
  2775 | D:3      | Reached XP level 5. HP: 31/35 MP: 3/9
  2970 | D:3      | Huge Dmg: 8 Dmg
  3070 | D:3      | Noticed a trapdoor spider zombie
  3368 | D:3      | Found a glowing silver altar of Zin.
  4032 | D:4      | Noticed Edmund
  4283 | D:4      | Huge Dmg: 5 Dmg
  4283 | D:4      | Reached XP level 6. HP: 18/41 MP: 2/10
  4301 | D:4      | Huge Dmg: 4 Dmg
  4564 | D:4      | Noticed Sigmund
  4571 | D:4      | Killed Sigmund
  4571 | D:4      | Reached skill level 5 in Polearms
  4571 | D:4      | Reached skill level 6 in Ice Magic
  4577 | D:4      | Huge Dmg: 8 Dmg
  4579 | D:4      | Huge Dmg: 8 Dmg
  4582 | D:4      | Huge Dmg: 9 Dmg
  4859 | D:4      | Noticed ark's ghost (experienced OgSk)
  5212 | D:5      | Entered Level 5 of the Dungeon
  5574 | D:4      | Reached XP level 7. HP: 46/46 MP: 12/12
  5682 | D:4      | Huge Dmg: 16 Dmg
  5685 | D:4      | Huge Dmg: 10 Dmg
  5707 | D:4      | Huge Dmg: 6 Dmg
  5707 | D:4      | Killed Edmund
  5707 | D:4      | Reached skill level 7 in Polearms
  6115 | D:4      | Huge Dmg: 10 Dmg
  6122 | D:4      | Huge Dmg: 6 Dmg
  6126 | D:3      | Huge Dmg: 8 Dmg
  6453 | D:5      | Found a staircase to the Ecumenical Temple.
  6464 | Temple   | Entered the Ecumenical Temple
  6622 | Temple   | Upgraded the game from 0.16-a0-4111-gf762223 to 0.16-a0-4112-g89a4107
  6655 | D:5      | Found a basalt altar of Yredelemnul.
  6672 | D:5      | Found a sparkling altar of Nemelex Xobeh.
  6829 | D:5      | Huge Dmg: 9 Dmg
  6833 | D:4      | Huge Dmg: 7 Dmg
  6836 | D:4      | Huge Dmg: 6 Dmg
  6841 | D:4      | Huge Dmg: 7 Dmg
  6843 | D:4      | Huge Dmg: 9 Dmg
  6867 | D:4      | Slain by a sky beast

Action                   |  1- 3 |  4- 6 |  7- 9 || total
-------------------------+-------+-------+-------++-------
Melee: Whip              |     9 |       |       ||     9
       Spear             |    28 |    50 |       ||    78
       Trident           |       |    59 |    46 ||   105
 Cast: Freeze            |    46 |    99 |    20 ||   165
       Throw Frost       |       |    14 |     5 ||    19
       Ozocubu's Armour  |       |       |     1 ||     1
  Use: Scroll            |     3 |     2 |       ||     5
       Potion            |       |       |     1 ||     1
 Stab: Sleeping          |     3 |     5 |     1 ||     9
  Eat: Chunk             |     3 |    15 |     2 ||    20
       Pizza             |       |       |     1 ||     1
       Beef jerky        |       |       |     1 ||     1

Vault maps used:
D:1:      dpeg_arrival_refuge, grunt_decor_resistance
D:3:      zin_academy, first_bread
D:4:      hangedman_decor_points, uniq_edmund, uniq_sigmund
D:5:      kennysheep_little_box, overflow_temple_1_default,
          nemelex_altar_shiori, minmay_temple_entry_butterflies,
          dk_xom_monty_hall, uniq_crazy_yiuf_cottage, uniq_blork_the_orc,
          uniq_menkaure
Temple:   roderic_octagonal_lattice_temple
